 Dungeon Crawl Stone Soup version 0.31-a0-460-g9e667d4245 (webtiles) character file.

Game seed: 3947623584600399055

168 Demosthentine the Ducker (level 5, -2/41 HPs)
             Began as a Demonspawn Gladiator on Aug 5, 2023.
             Killed by divine providence
             ... invoked by an orc priest
              (16 damage)
             ... on level 4 of the Dungeon.
             The game lasted 00:02:35 (2643 turns).

Demosthentine the Ducker (Demonspawn Gladiator)     Turns: 2643, Time: 00:02:36

Health: -2/41      AC:  6    Str: 16    XL:     5   Next: 24%
Magic:  5/5        EV: 13    Int: 15    God:
Gold:   130        SH:  0    Dex: 15    Spells: 4/4 levels left

rFire   . . .        a - +0 trident
rCold   . . .        m - orb {light}
rNeg    . . .        b - +0 leather armour
rPois   .            c - +1 helmet
rElec   .            (no cloak)
rCorr   .            l - +0 pair of gloves
SInv    .            (no boots)
Will    .....        (no amulet)
Stlth   +            (no ring)
HPRegen 0.26/turn    (no ring)
MPRegen 0.09/turn

%: wizardry (x1)
@: glowing
A: big brain 3
a: no special abilities


You were on level 4 of the Dungeon.
You visited 1 branch of the dungeon, and saw 4 of its levels.

You collected 130 gold pieces.

Inventory:

Hand Weapons
 a - a +0 trident (weapon)
Missiles
 d - 3 throwing nets (quivered)
 e - 7 javelins
Armour
 b - a +0 leather armour (worn)
 c - a +1 helmet (worn)
 l - a +0 pair of gloves (worn)
 m - an orb of light (worn)
Scrolls
 i - 3 scrolls of identify
 j - a scroll of enchant armour
 n - a scroll of teleportation
 p - a scroll of enchant weapon {unknown}
 r - a scroll of silence {unknown}
Potions
 f - 2 potions of brilliance {unknown}
 g - a potion of attraction
 h - a potion of might
 k - a potion of lignification
 o - a potion of haste
 q - a potion of cancellation


   Skills:
 + Level 3.1 Fighting
 + Level 3.5 Polearms
 - Level 1.7 Throwing
 + Level 2.0 Armour
 + Level 3.6 Dodging


You had 4 spell levels left.
You didn't know any spells.
Your spell library was empty.

Dungeon Overview and Level Annotations

Branches:
Dungeon (4/15)
 Temple: D:4-7

Altars:
Nemelex Xobeh


Innate Abilities, Weirdness & Mutations

You have an absolutely massive brain. (Int +6, Wiz)


Message History

Beogh smites you!
An orc wizard comes into view. It is wielding a +0 dagger.
The orc wizard shouts!
The orc wizard gestures wildly while chanting.
The orc wizard flickers and vanishes!
Deactivating autopickup; reactivate with Ctrl-A.
An orc is nearby!
An orc is nearby!
You barely miss the orc.
An orc comes into view. It is wielding a +0 dagger.
The orc hits you with a +0 falchion.
There are monsters nearby!
You hit the orc.
The orc is severely wounded.
The orc hits you with a +0 falchion.
There are monsters nearby!
You hit the orc.
The orc is severely wounded.
The orc misses you.
There are monsters nearby!
You puncture the orc!
You kill the orc!
A magic dart appears from out of thin air!
The magic dart hits you!
You are too injured to fight recklessly!
You are too injured to fight recklessly!
You are too injured to fight recklessly!
You hit the orc priest.
The orc priest is moderately wounded.
The orc priest hits you with a +0 club.
You completely miss the orc priest.
The orc priest is moderately wounded.
The orc priest misses you.
You hit the orc priest but do no damage.
The orc priest is moderately wounded.
The orc closely misses you.
The orc priest hits you but does no damage.
The orc priest mumbles some strange prayers to Beogh against you.
Beogh smites you!
You die...

.............#.##......
............##......
......#.....#...#
......#........###
......#...#.##>#.##
#......#..####....#
>.###..##..####..##
...##.[....#.....#
................@#
...#...........oo#
...#.............'
.................'o
...............###..
......##....##. ...
.......#.....#. ....
......#..._.... ....
>......


You could see an orc priest and 2 orcs.

Vanquished Creatures
  A bullfrog (D:3)
  A sleepcap (D:3)
  2 adders (D:2)
  2 dart slugs (D:1)
  2 orcs
  2 endoplasms (D:1)
  4 goblins
  7 hobgoblins
  4 jackals
  5 kobolds
  2 quokkas
  2 ball pythons (D:1)
  8 bats
  A frilled lizard (D:2)
  5 rats
48 creatures vanquished.

Notes
Turn   | Place    | Note
-------+----------+-------------------------------------------
     0 | D:1      | Demosthentine the Demonspawn Gladiator began the quest for
                  | the Orb.
     0 | D:1      | Reached XP level 1. HP: 16/16 MP: 1/1
     0 | D:1      | Noticed a tentacled monstrosity
     0 | D:1      | Noticed an orb of fire
     1 | D:1      | Noticed an orb of fire
     7 | D:1      | Noticed a tentacled monstrosity
     9 | D:1      | Noticed a tentacled monstrosity
    11 | D:1      | Noticed a white draconian
    11 | D:1      | Noticed a shadow dragon
    13 | D:1      | Noticed an ice dragon
    13 | D:1      | Noticed an iron dragon
    15 | D:1      | Noticed a tentacled monstrosity
    15 | D:1      | Noticed a tentacled monstrosity
    17 | D:1      | Noticed a shadow dragon
    19 | D:1      | Noticed a tentacled monstrosity
    19 | D:1      | Noticed a tentacled monstrosity
    21 | D:1      | Noticed an ice dragon
   222 | D:1      | Gained mutation: You have an unusually large brain. (Int
                  | +2) [demonic ancestry]
   222 | D:1      | Reached XP level 2. HP: 20/22 MP: 2/2
   584 | D:1      | Reached skill level 1 in Armour
   959 | D:2      | Gained mutation: You have an extremely huge brain. (Int +4)
                  | [demonic ancestry]
   959 | D:2      | Reached XP level 3. HP: 27/28 MP: 3/3
  1720 | D:3      | HP: 1/28 [sleepcap (13)]
  1724 | D:3      | Gained mutation: You have an absolutely massive brain. (Int
                  | +6, Wiz) [demonic ancestry]
  1724 | D:3      | Reached XP level 4. HP: 2/34 MP: 4/4
  1956 | D:3      | Noticed a bullfrog
  1963 | D:3      | Killed a bullfrog
  1964 | D:3      | Reached XP level 5. HP: 29/41 MP: 5/5
  2618 | D:4      | Found a sparkling altar of Nemelex Xobeh.
  2643 | D:4      | Killed from afar by an orc priest

Illustrated notes

Levels and vault maps discovered:
D:1:      shiori_arrival_whats_in_store_for_you, layout_loops_ring,
          minmay_cut_off
D:2:      layout_loops_ring, basic_altar, minmay_misc_feat_alley
D:3:      layout_loops_ring, chequers_hall_statues_corner_a
D:4:      layout_cave_pools, grunt_temple_overflow_open,
          kennysheep_vampire_church, minmay_shop_grid_forest,
          kennysheep_cross_room, uniq_eustachio

Skill      XL: |  1  2  3  4 |
---------------+-------------+-----
Polearms       | 3 |  3.5
Armour         | 1 2 |  2.0
Dodging        | 3 |  3.6
Fighting       | 3 |  3.1
Throwing       | |  1.7

Action                     |  1- 3 |  4- 6 || total
---------------------------+-------+-------++-------
  Melee: Trident           |   122 |    19 ||   141
         Punch             |     2 |       ||     2
  Throw: Throwing net      |     1 |       ||     1
    Use: Scroll            |     7 |     4 ||    11
   Stab: Distracted        |     1 |       ||     1
 Armour: Leather armour    |    48 |     4 ||    52
  Dodge: Dodged            |    82 |     8 ||    90

Table legend: (Time is in decaauts)
 A = Elapsed time spent in this place.
 B = Non-inter-level travel time spent in this place.
 C = Inter-level travel time spent in this place.
 D = Time resting spent in this place.
 E = Time spent auto-exploring this place.
 F = Levels seen in this place.
 G = Mean time per level.
                   A        B        C        D        E       F      G
               +--------+--------+--------+--------+--------+-----+--------+
         Total |   2663 |   2557 |    106 |    225 |   1947 |   4 |  665.8 |
       Dungeon |   2663 |   2557 |    106 |    225 |   1947 |   4 |  665.8 |
               +--------+--------+--------+--------+--------+-----+--------+

Top non-repeatable levels by time:
     D:1: 963 daAuts
     D:3: 875 daAuts
     D:2: 738 daAuts
     D:4: 86 daAuts
